AoeStats
← Focanegra11

Arabia

508290628Analyzed
1v1 RM · 11d ago on Sep 21, 2026· 33m 16s· 2 players
Game mode
Random Map
Map size
Tiny (2 player)
Population
200
Speed
Normal
Resources
Standard
Victory
Conquest
Starting age
Dark Age
Ending age
Imperial Age
RankedLock teamsTeams togetherTeam positionsShared explorationLock speedFull tech treeHidden civsTurbo modeCheats
Victory
Defeat
🇧🇷 Chinese · Brazil
1194
+15
🇺🇾 Khmer · Uruguay
1163
-15
Focanegra11
10:14 Feudal Age
9:18 Loom
10:44 Horse Collar
10:54 Double-Bit Axe
18:32 Padded Archer Armor
22:23 Castle Age
20:48 Fletching
22:26 Elite Skirmisher
23:05 Bodkin Arrow
23:00 Light Cavalry
24:39 Bloodlines
26:52 Husbandry
31:31 Scale Barding Armor
T0P_Obelisk
0:54 Loom
9:46 Feudal Age
16:11 Wheelbarrow
16:42 Fletching
18:17 Padded Archer Armor
27:44 Castle Age
25:52 Scale Barding Armor
27:43 Forging
27:47 Crossbowman
28:22 Bodkin Arrow
28:14 Double-Bit Axe
31:23 Bloodlines
Connection lost

Rejoining the realm…

Still unreachable

The connection could not be restored.

Session expired

The server has moved on; the page needs a fresh start.